 Dungeon Crawl Stone Soup version 0.30-a0-702-gdf48620a09 (webtiles) character file.

Game seed: 14692422557653447069

177 wormed the Firebug (level 5, -3/38 HPs)
             Began as a Demonspawn Fire Elementalist on Jan 21, 2023.
             Slain by Terence
             ... wielding a +3 heavy mace
              (15 damage)
             ... on level 3 of the Dungeon.
             The game lasted 00:04:51 (3605 turns).

wormed the Firebug (Demonspawn Fire Elementalist)   Turns: 3605, Time: 00:04:51

Health: -3/38      AC:  7    Str:  8    XL:     5   Next: 30%
Magic:  5/9        EV: 12    Int: 18    God:
Gold:   154        SH:  0    Dex: 14    Spells: 3/9 levels left

rFire   . . .      SeeInvis .    h - +1 dagger
rCold   . . .      Faith    .    (no shield)
rNeg    . . .      Spirit   .    d - +0 leather armour
rPois   .          Reflect  .    k - +0 helmet
rElec   .          Harm     .    (no cloak)
rCorr   .          Rampage  .    c - +0 pair of gloves
Will    +....                    (no boots)
Stlth   ++                       (no amulet)
HPRegen 0.26/turn                m - ring of willpower
MPRegen 0.11/turn                (no ring)

@: no status effects
A: thin metallic scales 1, foul stench 1, demonic touch 1
a: no special abilities


You were on level 3 of the Dungeon.
You visited 1 branch of the dungeon, and saw 3 of its levels.

You collected 154 gold pieces.

Inventory:

Hand Weapons
 h - a +1 dagger (weapon)
Armour
 c - a +0 pair of gloves (worn)
 d - a +0 leather armour (worn)
 k - a +0 helmet (worn)
Jewellery
 m - a ring of willpower (left hand)
Wands
 a - a wand of digging (7)
Scrolls
 i - a scroll of acquirement {unknown}
 p - a scroll of fear {unknown}
Potions
 e - 3 potions of mutation
 f - a potion of might
 g - a potion of flight
 j - a potion of berserk rage
 l - a potion of brilliance {unknown}
 n - a potion of resistance {unknown}
 o - 2 potions of attraction {unknown}


   Skills:
 + Level 1.7 Fighting
 + Level 2.6 Dodging
 + Level 2.8 Stealth
 + Level 2.6 Spellcasting
 + Level 2.2 Conjurations
 + Level 3.2 Fire Magic


You had 3 spell levels left.
You knew the following spells:

 Your Spells              Type           Power      Damage    Failure   Level
a - Foxfire               Conj/Fire      48%        2x1d6     8%          1
b - Scorch                Fire           28%        2d6       10%         2
c - Inner Flame           Hex/Fire       8%         N/A       36%         3

Your spell library contained the following spells:

 Spells                   Type           Power      Damage    Failure   Level
 Kindle Blastsparks       Fire/Tloc/Air  12%        2d11      43%         3
 Flame Wave               Conj/Fire      12%        2d6       61%         4
 Malign Gateway           Summ/Tloc      1%         N/A       100%        7
 Summon Horrible Things   Summ           1%         N/A       100%        8


Dungeon Overview and Level Annotations

Branches:
Dungeon (3/15)

Altars:

Annotations:
D:3 Terence


Innate Abilities, Weirdness & Mutations

You are partially covered in thin metallic scales. (AC +2)
You may rarely emit foul miasma when damaged in melee.
Your touch may inflict minor irresistible damage on your foes.


Message History

Terence is heavily wounded.
The foxfire hits Terence but does no damage.
Terence is heavily wounded.
A giant cockroach comes into view.
Casting: Scorch (safe; 10% risk of failure)
Confirm with . or Enter, or press ? or * to list all spells.
You conjure some foxfire!
Terence misses you.
Casting: Foxfire (safe; 8% risk of failure)
Confirm with . or Enter, or press ? or * to list all spells.
You don't have enough magic to cast this spell.
You hit Terence but do no damage.
Terence is heavily wounded.
The foxfire hits Terence but does no damage.
Terence is heavily wounded.
The foxfire hits Terence but does no damage.
Terence is heavily wounded.
Terence hits you with a +3 heavy mace!
You barely miss Terence.
Terence is heavily wounded.
Terence is no longer more vulnerable to fire.
The giant cockroach bites you but does no damage.
You hit the giant cockroach.
The giant cockroach is moderately wounded.
Terence hits you with a +3 heavy mace!
* * * LOW HITPOINT WARNING * * *
The giant cockroach bites you but does no damage.
You hit the giant cockroach but do no damage.
You touch the giant cockroach.
You kill the giant cockroach!
Terence completely misses you. Magic courses through your body.
Casting: Foxfire (safe; 8% risk of failure)
Confirm with . or Enter, or press ? or * to list all spells.
Flames lash Terence but do no damage.
Terence closely misses you.
Casting: Scorch (safe; 10% risk of failure)
Confirm with . or Enter, or press ? or * to list all spells.
Flames lash Terence.
Terence is heavily wounded.
Terence's fire resistance burns away.
Terence hits you with a +3 heavy mace!
You die...

...#.......... $........
.........#### .........
..#.....# ........#
#.....# ........####
#.....####
........##...##.....##..
........##>...).........
........#######.....##..
......@@............##..
.......†###..........'..
....!..<. #.........##..
#######.#.#........###..
..#.#.....[..# #.. ###
#........# #..
#........# ###
#........# # #........#


You could see Terence (combustible).

Vanquished Creatures
  A necrophage (D:3)
  4 adders
  2 worms
  A dart slug (D:1)
  5 orcs
  7 endoplasms
  A giant cockroach (D:3)
  9 goblins
  6 hobgoblins
  3 quokkas
  3 ball pythons
  8 bats
  2 frilled lizards
  7 kobolds
  3 rats (D:1)
62 creatures vanquished.

Vanquished Creatures (others)
  32 foxfires
  8 plants (D:2)
40 creatures vanquished.

Grand Total: 102 creatures vanquished

Notes
Turn   | Place    | Note
-------+----------+-------------------------------------------
     0 | D:1      | wormed the Demonspawn Fire Elementalist began the quest for
                  | the Orb.
     0 | D:1      | Reached XP level 1. HP: 13/13 MP: 3/3
   267 | D:2      | Gained mutation: Your touch may inflict minor irresistible
                  | damage on your foes. [demonic ancestry]
   267 | D:2      | Reached XP level 2. HP: 9/20 MP: 3/5
   340 | D:2      | Learned a level 2 spell: Scorch
   570 | D:1      | Gained mutation: You are partially covered in thin metallic
                  | scales. (AC +2) [demonic ancestry]
   570 | D:1      | Reached XP level 3. HP: 25/25 MP: 1/6
   574 | D:1      | Learned a level 3 spell: Inner Flame
  1497 | D:1      | Reached skill level 3 in Fire Magic
  1499 | D:1      | Reached skill level 1 in Fighting
  2221 | D:2      | Reached XP level 4. HP: 32/32 MP: 2/7
  3273 | D:3      | Identified the +1 chain mail of Kuadde {+Inv}
  3314 | D:3      | Noticed a necrophage
  3362 | D:3      | Killed a necrophage
  3363 | D:3      | Gained mutation: You may rarely emit foul miasma when
                  | damaged in melee. [demonic ancestry]
  3363 | D:3      | Reached XP level 5. HP: 22/38 MP: 0/9
  3588 | D:3      | Noticed Terence
  3605 | D:3      | Slain by Terence

Illustrated notes

Levels and vault maps discovered:
D:1:      dpeg_arrival_subterranean_lakeside_camping, layout_loops_ring
D:2:      layout_loops_corners, serial_bayou, serial_bayou_pond_e,
          serial_bayou_pond_d, serial_bayou_shore_b, serial_bayou_lagoon_b,
          bh_walls_and_bars
D:3:      minmay_wonky_spiral, layout_basic, uniq_terence

Skill      XL: |  1  2  3  4 |
---------------+-------------+-----
Dodging        | 2 |  2.6
Stealth        | 2 |  2.8
Fire Magic     | 3 |  3.2
Fighting       | 1 |  1.7
Conjurations   | 2 |  2.2
Spellcasting   | |  2.6

Action                   |  1- 3 |  4- 6 || total
-------------------------+-------+-------++-------
Melee: Dagger            |    22 |    34 ||    56
       Unarmed           |     2 |       ||     2
       Touch             |     2 |     6 ||     8
       Punch             |       |     1 ||     1
 Cast: Foxfire           |    15 |     5 ||    20
       Scorch            |    32 |    27 ||    59
       Inner Flame       |       |     1 ||     1
  Use: Scroll            |     6 |     3 ||     9
       Potion            |       |     1 ||     1
Armor: Leather armour    |     7 |    10 ||    17
Dodge: Dodged            |    18 |    25 ||    43

Table legend: (Time is in decaauts)
 A = Elapsed time spent in this place.
 B = Non-inter-level travel time spent in this place.
 C = Inter-level travel time spent in this place.
 D = Time resting spent in this place.
 E = Time spent auto-exploring this place.
 F = Levels seen in this place.
 G = Mean time per level.
                   A        B        C        D        E       F      G
               +--------+--------+--------+--------+--------+-----+--------+
         Total |   3626 |   3520 |    106 |     43 |   2977 |   3 | 1208.7 |
       Dungeon |   3626 |   3520 |    106 |     43 |   2977 |   3 | 1208.7 |
               +--------+--------+--------+--------+--------+-----+--------+

Top non-repeatable levels by time:
     D:2: 1514 daAuts
     D:1: 1374 daAuts
     D:3: 738 daAuts
